 Dungeon Crawl Stone Soup version 0.30.1-4-g462c640d31 (webtiles) character file.

Game seed: 4915902115785709031

128 mortz the Shooter (level 4, -4/37 HPs)
             Began as a Demigod Hunter on Sept 9, 2023.
             Slain by Sigmund
             ... wielding a +0 heavy scythe
              (16 damage)
             ... on level 3 of the Dungeon.
             The game lasted 00:09:08 (1515 turns).

mortz the Shooter (Demigod Hunter)                  Turns: 1515, Time: 00:09:09

Health: -4/37      AC:  3    Str: 12    XL:     4   Next: 58%
Magic:  6/6        EV: 13    Int: 11    God:
Gold:   24         SH:  0    Dex: 21    Spells: 3/3 levels left

rFire   + . .        a - +0 shortbow
rCold   . . .        (shield currently unavailable)
rNeg    . . .        c - +0 leather armour
rPois   .            (no helmet)
rElec   .            (no cloak)
rCorr   +            (no gloves)
SInv    .            (no boots)
Will    .....        r - amulet of regeneration
Stlth   ++           k - ring of resist corrosion
HPRegen 1.06/turn    s - ring of protection from fire
MPRegen 0.10/turn

%: no passive effects
@: no status effects
A: high MP 1, forlorn, divine attributes
a: no special abilities


You were on level 3 of the Dungeon.
You visited 1 branch of the dungeon, and saw 3 of its levels.

You collected 66 gold pieces.
You spent 42 gold pieces at shops.

Inventory:

Hand Weapons
 a - a +0 shortbow (weapon)
 d - a +0 mace
 f - a +0 spear
 g - a +0 dagger
 i - a +0 short sword of venom
 m - a +0 sling
 v - a +0 dagger of protection
Armour
 c - a +0 leather armour (worn)
 q - a +0 ring mail
Jewellery
 k - a ring of resist corrosion (left hand)
 r - an amulet of regeneration (around neck)
 s - a ring of protection from fire (right hand)
 w - a ring of magical power
Scrolls
 b - a scroll of immolation
 n - a scroll of fear
Potions
 e - a potion of heal wounds {unknown}
 h - 2 potions of brilliance
 j - a potion of mutation {unknown}
 l - 2 potions of curing
 o - a potion of haste {unknown}
 u - a potion of attraction {unknown}


   Skills:
 + Level 2.7 Fighting
 + Level 4.2 Ranged Weapons
 + Level 2.7 Dodging
 + Level 2.3 Stealth


You had 3 spell levels left.
You didn't know any spells.
Your spell library was empty.

Dungeon Overview and Level Annotations

Branches:
Dungeon (3/15)

Shops:
D:3 *

Annotations:
D:3 Sigmund


Innate Abilities, Weirdness & Mutations

You have an increased reservoir of magic. (+10% MP)
You shall have no god before yourself.
Your divine heritage dramatically boosts your attributes as you level up.


Message History

The adder closely misses you.
Sigmund the Dreaded comes into view.
He is wielding a +0 heavy scythe.
You shoot an arrow. The arrow misses the adder.
The adder bites you but does no damage.
Sigmund mumbles some strange words.
Sigmund flickers and vanishes!
Deactivating autopickup; reactivate with Ctrl-A.
The adder barely misses you.
You shoot an arrow. The arrow closely misses the adder.
The adder bites you but does no damage. The adder closely misses you.
You shoot an arrow. The arrow closely misses the adder.
The adder bites you. Something hits you!
You shoot an arrow. The arrow closely misses the adder.
The adder misses you. The adder bites you. The adder barely misses you.
The adder bites you. The adder attacks as you move away!
The adder barely misses you. The adder attacks as you move away!
The adder bites you. The adder attacks as you move away!
The adder bites you but does no damage. The adder bites you.
You are poisoned.
The adder poisons you!
You feel sick.
You feel sick.
You shoot an arrow. The arrow barely misses the adder.
You feel sick.
You are no longer poisoned.
The adder barely misses you. Something hits you!
The adder bites you but does no damage.
You are too injured to fight recklessly!
You shoot an arrow. The arrow hits the adder.
The adder is severely wounded.
The adder barely misses you.
You shoot an arrow. The arrow closely misses the adder.
The adder bites you but does no damage. Something hits you!
* * * LOW HITPOINT WARNING * * *
The adder bites you but does no damage.
You shoot an arrow. The arrow hits the adder!
You kill the adder!
Something hits you!
You die...

### #..........# ##
..# ##...#.##### ..
##.# #.#'#...# #.
.#.## #.≈.#.#.# #.
.#.. #≈≈.###.# .g##
##.#.# +..∩..'.#
).<# ##.##.#
###.≈≈### ###.#
#.....#####.#.≈##
#...#.#....{.@.#'##
#####.########...#
#.# ##### ..# ###


There were no monsters in sight!

Vanquished Creatures
  5 adders
  3 gnolls (D:2)
  2 dart slugs (D:1)
  An orc (D:2)
  2 bats (D:1)
  4 giant cockroaches
  8 goblins
  4 hobgoblins
  9 jackals
  A quokka (D:2)
  6 ball pythons
  5 kobolds
  5 rats
55 creatures vanquished.

Notes
Turn   | Place    | Note
-------+----------+-------------------------------------------
     0 | D:1      | mortz the Demigod Hunter began the quest for the Orb.
     0 | D:1      | Reached XP level 1. HP: 17/17 MP: 3/3
    53 | D:1      | Reached skill level 1 in Stealth
   124 | D:1      | Reached XP level 2. HP: 24/24 MP: 4/4
   474 | D:1      | Reached XP level 3. HP: 29/29 MP: 5/5
   789 | D:2      | Reached skill level 4 in Ranged Weapons
   855 | D:2      | Reached XP level 4. HP: 37/37 MP: 6/6
  1470 | D:3      | Found Luyphyd's General Store.
  1478 | D:3      | Bought a potion of curing for 42 gold pieces
  1499 | D:3      | Noticed Sigmund
  1515 | D:3      | Slain by Sigmund

Illustrated notes

Levels and vault maps discovered:
D:1:      dpeg_arrival_concentric_ovals, layout_rooms, serial_bayou_pond_a,
          nicolae_concentric_dashed_squares_wild
D:2:      layout_loops_ring, wad_floor_pattern_untrapped
D:3:      layout_loops_ring, gammafunk_ghost_arena,
          shapermc_ecumenical_altar_flowoftime, serial_shops,
          nicolae_shop_hallway_plus, uniq_sigmund, uniq_pargi

Skill      XL: |  1  2  3 |
---------------+----------+-----
Stealth        | 1 2 |  2.3
Fighting       | 2 |  2.7
Dodging        | 2 |  2.7
Ranged Weapons | 4 |  4.2

Action                     |  1- 3 |  4- 6 || total
---------------------------+-------+-------++-------
   Fire: Shortbow          |    94 |    54 ||   148
    Use: Scroll            |       |     4 ||     4
 Armour: Leather armour    |     7 |    12 ||    19
  Dodge: Dodged            |    20 |    20 ||    40
